 Dungeon Crawl Stone Soup version 0.30-a0-1075-gcd70e7a56d (webtiles) character file.

Game seed: 16964593854834669851

56 zlionsfan the Grave Robber (level 3, -1/24 HPs)
             Began as a Demonspawn Necromancer on Apr 15, 2023.
             Killed by nerve-wracking pain
             ... invoked by a shadow imp
              (10 damage)
             ... in a sewer.
             The game lasted 00:07:00 (2171 turns).

zlionsfan the Grave Robber (Demonspawn Necromancer) Turns: 2171, Time: 00:07:01

Health: -1/24      AC:  3    Str:  8    XL:     3   Next: 71%
Magic:  6/6        EV: 12    Int: 18    God:
Gold:   68         SH:  0    Dex: 13    Spells: 3/7 levels left

rFire   . . .      SeeInvis .    c - +0 whip
rCold   . . .      Faith    .    (no shield)
rNeg    . . .      Spirit   .    a - +0 robe
rPois   .          Reflect  .    (no helmet)
rElec   .          Rampage  .    (no cloak)
rCorr   .                        (no gloves)
Will    .....                    i - +0 pair of boots
Stlth   ++                       (no amulet)
HPRegen 0.24/turn                l - ring of flight
MPRegen 0.10/turn                (no ring)

@: flying
A: weakness stinger 1
a: no special abilities


You were in a sewer.
You visited 1 branch of the dungeon, and saw 3 of its levels.
You also visited: Sewer.

You collected 68 gold pieces.

Inventory:

Hand Weapons
 c - a +0 whip (weapon)
Armour
 a - a +0 robe (worn)
 i - a +0 pair of boots (worn)
Jewellery
 l - a ring of flight (left hand)
Scrolls
 d - a scroll of amnesia {unknown}
 f - a scroll of noise {unknown}
 g - a scroll of magic mapping {unknown}
 h - 2 scrolls of identify {unknown}
 j - a scroll of blinking {unknown}
 k - a scroll of enchant armour {unknown}
 n - a scroll of summoning {unknown}
 o - a scroll of fear {unknown}
Potions
 b - 3 potions of magic
 e - a potion of curing
 m - a potion of degeneration {unknown}


   Skills:
 * Level 1.0 Maces & Flails
 + Level 1.8 Dodging
 + Level 2.0 Stealth
 * Level 2.5 Spellcasting
 * Level 5.2 Necromancy


You had 3 spell levels left.
You knew the following spells:

 Your Spells              Type           Power      Damage    Failure   Level
a - Necrotise             Necr           84%        1d8       1%          1
b - Vampiric Draining     Necr           21%        2d7       6%          3

Your spell library contained the following spells:

 Spells                   Type           Power      Damage    Failure   Level
 Animate Dead             Necr           21%        N/A       21%         4
 Agony                    Necr           21%        N/A       50%         5


Dungeon Overview and Level Annotations

Branches:
Dungeon (3/15)              Sewer (1/1)

Altars:

Shops:
D:1 (


Innate Abilities, Weirdness & Mutations

You have a small tail.


Message History

An ufetubus comes into view.
The shadow imp hits you but does no damage.
The ufetubus shouts!
You hit the shadow imp.
The shadow imp is moderately wounded.
The shadow imp hits you.
You barely miss the shadow imp.
Your tail-slap misses the shadow imp.
The shadow imp is moderately wounded.
A shadow imp comes into view.
The shadow imp hits you.
The shadow imp shouts!
You hit the shadow imp but do no damage.
The shadow imp is moderately wounded.
You hear a shout! x3
The shadow imp closely misses you.
You hit the shadow imp.
The shadow imp is heavily wounded.
The shadow imp hits you.
You hit the shadow imp.
Your tail-slap misses the shadow imp.
The shadow imp is heavily wounded.
The ufetubus hits you but does no damage.
The ufetubus closely misses you. The shadow imp hits you.
The ufetubus hits you. x2
* * * LOW HITPOINT WARNING * * *
It was a potion of curing.
You feel better. The ufetubus barely misses you.
The ufetubus closely misses you. The shadow imp hits you.
A bat comes into view.
The shadow imp closely misses you. The ufetubus hits you.
The ufetubus barely misses you. The ufetubus attacks as you move away!
The ufetubus completely misses you.
The ufetubus hits you but does no damage.
You closely miss the ufetubus. The ufetubus hits you.
The ufetubus closely misses you.
You barely miss the shadow imp. You tail-slap the shadow imp.
The shadow imp is almost dead.
You barely miss the shadow imp.
Your tail-slap misses the shadow imp.
The shadow imp is almost dead.
The shadow imp gestures at you. Pain shoots through your body!
You die...

#≈≈≈#≈≈≈≈≈≈#.
#~≈~#≈≈≈≈≈≈~.
#≈≈≈#≈≈≈≈~K#.
#≈~≈#~≈≈≈~.5K
#≈~~#~.≈≈..#
#≈.~#......#
#≈≈≈#K######
#≈~)#55....#
#~.~@≈5~.~.....
#≈≈≈#≈≈≈≈≈≈#...
############ #


You could see 2 shadow imps, an ufetubus and a kobold.

Vanquished Creatures
  A shadow imp (Sewer)
  A worm (D:2)
  2 ball pythons (D:1)
  3 endoplasms
  4 giant cockroaches
  2 goblins (D:2)
  3 hobgoblins
  5 quokkas
  8 bats
  3 frilled lizards
  10 kobolds
  2 rats
44 creatures vanquished.

Notes
Turn   | Place    | Note
-------+----------+-------------------------------------------
     0 | D:1      | zlionsfan the Demonspawn Necromancer began the quest for
                  | the Orb.
     0 | D:1      | Reached XP level 1. HP: 13/13 MP: 3/3
   328 | D:1      | Discovered your monstrous ancestry.
   328 | D:1      | Gained mutation: You have a small tail. [demonic ancestry]
   328 | D:1      | Reached XP level 2. HP: 19/19 MP: 3/5
   523 | D:1      | Found Peghamp's Weapon Boutique.
   675 | D:1      | Reached skill level 5 in Necromancy
  1165 | D:2      | Noticed an eye of devastation
  1167 | D:2      | Found a faded altar of an unknown god.
  1169 | D:2      | Noticed a floating eye
  1169 | D:2      | Noticed a golden eye
  1169 | D:2      | Noticed a great orb of eyes
  1313 | D:2      | Reached XP level 3. HP: 24/24 MP: 4/6
  1317 | D:2      | Learned a level 3 spell: Vampiric Draining
  2035 | D:3      | Found a glowing drain.
  2039 | Sewer    | Entered a sewer
  2127 | Sewer    | Reached skill level 1 in Maces & Flails
  2171 | Sewer    | Killed from afar by a shadow imp

Illustrated notes

Levels and vault maps discovered:
D:1:      evilmike_arrival_home_sweet_home, layout_basic, serial_shops, shop,
          supply_closet_lemuel
D:2:      layout_loops_corners, hellmonk_ecumenical_altar_watching_god,
          minmay_misc_feat_columns
D:3:      layout_loops_corners, gup_sewer_entry_bowl, uniq_jessica,
          uniq_crazy_yiuf_cottage
Sewer:    kennysheep_sewer_church

Skill      XL: |  1  2  3 |
---------------+----------+-----
Necromancy     | 5 |  5.2
Stealth        | 2 |  2.0
Maces & Flails | 1 |  1.0
Dodging        | |  1.8
Spellcasting   | |  2.5

Action                     || total
---------------------------++-------
  Melee: Whip              ||    52
         Tailslap          ||     4
   Cast: Necrotise         ||    59
    Use: Potion            ||     1
   Stab: Sleeping          ||     2
 Armour: Robe              ||    13
  Dodge: Dodged            ||    42

Table legend: (Time is in decaauts)
 A = Elapsed time spent in this place.
 B = Non-inter-level travel time spent in this place.
 C = Inter-level travel time spent in this place.
 D = Time resting spent in this place.
 E = Time spent auto-exploring this place.
 F = Levels seen in this place.
 G = Mean time per level.
                   A        B        C        D        E       F      G
               +--------+--------+--------+--------+--------+-----+--------+
         Total |   2172 |   2114 |     58 |     15 |   1763 |   4 |  543.0 |
       Dungeon |   2040 |   1982 |     58 |      0 |   1699 |   3 |  680.0 |
         Sewer |    132 |    132 |      0 |     15 |     64 |   1 |  132.0 |
               +--------+--------+--------+--------+--------+-----+--------+

Top non-repeatable levels by time:
     D:1: 1036 daAuts
     D:2: 938 daAuts
   Sewer: 132 daAuts
     D:3: 65 daAuts
